 Dungeon Crawl Stone Soup version 0.28.0-49-g6dfe1f597d (webtiles) character file.

Game seed: 11856153301598183316

209 issech the Ducker (level 5, -3/53 HPs)
             Began as a Troll Monk on May 11, 2022.
             Slain by a black bear (5 damage)
             ... on level 3 of the Dungeon.
             The game lasted 00:07:04 (1849 turns).

issech the Ducker (Troll Monk)                      Turns: 1849, Time: 00:07:05

Health: -3/53      AC:  4    Str: 19    XL:     5   Next: 55%
Magic:  4/4        EV: 11    Int:  6    God:
Gold:   55         SH:  0    Dex: 14    Spells: 4/4 levels left

rFire   . . .      SeeInvis .   p - +0 dagger (venom)
rCold   . . .      Faith    .   (no shield)
rNeg    . . .      Spirit   .   b - +0 robe
rPois   .          Reflect  .   (helmet restricted)
rElec   .          Harm     .   (no cloak)
rCorr   .          Rampage  .   (gloves unavailable)
Will    .....                   (boots unavailable)
Stlth   ++........              (no amulet)
HPRegen 0.97/turn               (no ring)
MPRegen 0.09/turn               (no ring)

@: no status effects
A: large, unfitting armour, claws 3, regeneration 1, shaggy fur 1, tough skin 1
a: no special abilities


You were on level 3 of the Dungeon.
You visited 1 branch of the dungeon, and saw 3 of its levels.

You collected 107 gold pieces.
You spent 52 gold pieces at shops.

Inventory:

Hand Weapons
 a - a +0 mace
 d - a +2 dagger of speed
 p - a +0 dagger of venom (weapon)
Missiles
 c - 125 stones (quivered)
 i - 12 arrows
 r - 4 poisoned darts
Armour
 b - a +0 robe (worn)
 q - a +0 animal skin
Magical Staves
 e - a staff of earth
Jewellery
 m - a ring of ice
 o - a ring of ice
Scrolls
 h - 2 scrolls of identify
 j - a scroll of silence {unknown}
 l - a scroll of fog {unknown}
Potions
 f - 5 potions of curing {unknown}
 g - a potion of lignification {unknown}
 k - a potion of cancellation {unknown}
 n - a potion of mutation {unknown}


   Skills:
 + Level 3.2 Fighting
 + Level 1.8 Short Blades
 + Level 3.1 Maces & Flails
 + Level 1.3 Throwing
 + Level 3.4 Dodging
 + Level 1.2 Stealth


You had 4 spell levels left.
You didn't know any spells.
Your spell library contained the following spells:

 Spells                   Type           Power      Damage    Failure   Level
 Animate Skeleton         Necr           0%         N/A       45%         1
 Apportation              Tloc           0%         N/A       45%         1
 Summon Small Mammal      Summ           0%         N/A       45%         1
 Sublimation of Blood     Necr           0%         N/A       58%         2
 Wereblood                Tmut           0%         N/A       58%         2
 Summon Hydra             Summ           0%         N/A       100%        7


Dungeon Overview and Level Annotations

Branches:
Dungeon (3/15)

Altars:
Gozag

Shops:
D:1 ?


Innate Abilities, Weirdness & Mutations

You are too large for most types of armour.
You have claws for hands.
Your natural rate of healing is unusually fast.
You are covered in fur. (AC +1)
You have tough skin. (AC +1)


Message History

The black bear bites you but does no damage.
The black bear closely misses you. The black bear completely misses you.
The black bear goes berserk!
The black bear closely misses you. x2; The black bear barely misses you.
You barely miss the black bear.
The black bear is severely wounded.
The black bear bites you. The black bear claws you.
The black bear barely misses you.
The black bear looks more healthy.
The black bear bites you but does no damage.
The black bear claws you but does no damage.
The black bear closely misses you.
You closely miss the black bear.
The black bear is almost dead.
The black bear bites you.
The black bear claws you but does no damage.
The black bear claws you.
You hit the black bear.
The black bear is poisoned.
The black bear is almost dead.
The black bear bites you! The black bear claws you.
The black bear claws you but does no damage.
The black bear bites you!
* * * LOW HITPOINT WARNING * * *
The black bear claws you but does no damage.
The black bear closely misses you.
You barely miss the black bear.
The black bear is almost dead.
The black bear completely misses you. The black bear barely misses you.
The black bear claws you but does no damage.
The black bear bites you.
* * * LOW HITPOINT WARNING * * *
The black bear closely misses you.
The black bear claws you but does no damage.
The black bear bites you!
* * * LOW HITPOINT WARNING * * *
The black bear misses you. The black bear barely misses you.
The black bear barely misses you. The black bear claws you.
* * * LOW HITPOINT WARNING * * *
The black bear claws you.
You die...

# #.# ...#.#####.#
.........#.# #########
#.....##.#.####.......#####
............#.............#
##....##.##.#.#.###...###)##
......##.)............#.)<).
.#......##h#....#....†.#.##
...##.##.##@#.........###.#
. #.......#.............#
####<#####.#.########## #.#
...#.# #.# ....#.# .#.
....#.# # #


You could see a black bear (berserk, poisoned).

Vanquished Creatures
  A hound (D:2)
  Natasha (twice) (D:3)
  Robin (D:3)
  3 gnolls (D:2)
  2 adders (D:2)
  3 worms
  5 bats
  4 endoplasms
  A giant cockroach (D:2)
  22 goblins
  A hobgoblin (D:2)
  4 kobolds
  2 quokkas (D:2)
  6 ball pythons
  A frilled lizard (D:2)
  6 rats
64 creatures vanquished.

Vanquished Creatures (others)
  3 plants (D:1)
  3 withered plants (D:1)
6 creatures vanquished.

Grand Total: 70 creatures vanquished

Notes
Turn   | Place    | Note
-------+----------+-------------------------------------------
     0 | D:1      | issech the Troll Monk began the quest for the Orb.
     0 | D:1      | Reached XP level 1. HP: 22/22 MP: 0/0
   193 | D:1      | Reached XP level 2. HP: 26/29 MP: 1/1
   225 | D:1      | Found a faded altar of an unknown god.
   663 | D:1      | Found Rojacure's Magic Scroll Shop.
   683 | D:1      | Bought a scroll of identify for 26 gold pieces
   683 | D:1      | Bought a scroll of identify for 26 gold pieces
   738 | D:2      | Found an opulent altar of Gozag.
   770 | D:2      | Reached XP level 3. HP: 30/36 MP: 2/2
   895 | D:2      | Reached XP level 4. HP: 37/45 MP: 3/3
  1294 | D:2      | Reached skill level 1 in Short Blades
  1558 | D:3      | Noticed Robin
  1569 | D:2      | Reached XP level 5. HP: 52/53 MP: 4/4
  1625 | D:3      | Killed Robin
  1626 | D:3      | Reached skill level 1 in Throwing
  1702 | D:3      | Noticed Natasha
  1733 | D:3      | Killed Natasha
  1796 | D:3      | Noticed Natasha
  1800 | D:3      | Noticed a black bear
  1816 | D:3      | Killed Natasha
  1849 | D:3      | HP: 2/53 [black bear (3)]
  1849 | D:3      | Slain by a black bear

Illustrated notes

Levels and vault maps discovered:
D:1:      minmay_arrival_open_corners, layout_basic,
          shapermc_ecumenical_altar_flowoftime, serial_shops, shop
D:2:      minmay_chambers_of_ones, layout_rooms, basic_altar,
          minmay_misc_feat_secret_circle
D:3:      layout_loops_cross, uniq_robin, uniq_natasha, uniq_terence

Skill      XL: |  1  2  3  4  5 |
---------------+----------------+-----
Fighting       | 3 |  3.2
Maces & Flails | 3 |  3.1
Dodging        | 3 |  3.4
Short Blades   | 1 |  1.8
Throwing       | 1 |  1.3
Stealth        | |  1.2

Action                   |  1- 3 |  4- 6 || total
-------------------------+-------+-------++-------
Melee: Mace              |    13 |       ||    13
       Dagger            |   109 |   173 ||   282
       Punch             |     3 |     2 ||     5
Throw: Stone             |    15 |    42 ||    57
 Stab: Sleeping          |       |     1 ||     1
Armor: Robe              |    34 |    52 ||    86
Dodge: Dodged            |    26 |    85 ||   111
